TOP OF THE 1ST |
El Paso Texans batting - Pitching for Scottsdale Scorpions : RHP Gilberto Delgado
|
Pitching: RHP Gilberto Delgado
|
|
Batting: RHB Domingo Morales
|
0-0: Ball 1-0: Ball 2-0: Ball 3-0: Called Strike 3-1: Base on Balls
|
Batting: RHB Cole Boehmer
|
0-0: Called Strike 0-1: Ball 1-1: Called Strike 1-2: Strikes out looking
|
Batting: LHB Bernardo Morales
|
0-0: Ball 1-0: Ball 2-0: Foul Ball, location: 2F 2-1: Foul Ball, location: 2F 2-2: Strikes out swinging
|
Batting: RHB António Aguilar
|
0-0: Ball 1-0: Ball 2-0: Called Strike 2-1: Ball 3-1: Base on Balls Domingo Morales to second
|
Batting: LHB Enrique Cruz
|
0-0: SINGLE (Groundball, 4MD) Domingo Morales to third António Aguilar to second Runner from 3rd tries for Home, SAFE, no throw
|
Batting: RHB Marvin Johnson
|
0-0: Foul Ball, location: 2F 0-1: Hit by Pitch António Aguilar to third Enrique Cruz to second
|
Batting: LHB Michael Melton
|
0-0: Ball 1-0: Foul Ball, location: 2F 1-1: Ball 2-1: Foul Ball, location: 2F 2-2: Fly out, F9 (Line Drive, 9)
|
Top of the 1st over - 1 run(s), 1 hit(s), 0 error(s), 3 left on base; El Paso 1 - Scottsdale 0 |
BOTTOM OF THE 1ST |
Scottsdale Scorpions batting - Pitching for El Paso Texans : RHP John Harvey
|
Pitching: RHP John Harvey
|
|
Batting: LHB Ernesto Hernández
|
0-0: Ball 1-0: Foul Ball, location: 2F 1-1: Ball 2-1: Ball 3-1: Called Strike 3-2: Fly out, F8 (Flyball, 8LM)
|
Batting: LHB Alberto Roberts
|
0-0: Called Strike 0-1: Foul Ball, location: 2F 0-2: SINGLE (Line Drive, 4)
|
Batting: LHB Sergio Fernández
|
0-0: Ball 1-0: Ball 2-0: Called Strike 2-1: Ball 3-1: Base on Balls Alberto Roberts to second
|
Batting: SHB Arnold Moore
|
0-0: Ball 1-0: Foul Ball, location: 2F 1-1: Foul Ball, location: 2F 1-2: Ball 2-2: Foul Ball, location: 2F 2-2: Grounds into double play, 3-6-3 (Groundball, 3)
|
Bottom of the 1st over - 0 run(s), 1 hit(s), 0 error(s), 1 left on base; El Paso 1 - Scottsdale 0 |
TOP OF THE 2ND |
El Paso Texans batting - Pitching for Scottsdale Scorpions : RHP Gilberto Delgado
|
Batting: RHB Wayne Carter
|
0-0: Called Strike 0-1: Called Strike 0-2: Strikes out swinging
|
Batting: RHB John James
|
0-0: Ball 1-0: Ball 2-0: Ball 3-0: Base on Balls
|
Batting: RHB Domingo Morales
|
0-0: Foul Ball, location: 2F 0-1: Called Strike 0-2: Ball 1-2: Foul Ball, location: 2F 1-2: Fly out, F9 (Flyball, 89S)
|
Batting: RHB Cole Boehmer
|
0-0: Ball 1-0: Ball 2-0: DOUBLE (Line Drive, 9LM) John James to third Runner from 3rd tries for Home, throw and OUT!
|
Top of the 2nd over - 0 run(s), 1 hit(s), 0 error(s), 1 left on base; El Paso 1 - Scottsdale 0 |
BOTTOM OF THE 2ND |
Scottsdale Scorpions batting - Pitching for El Paso Texans : RHP John Harvey
|
Batting: RHB Sergio Domínguez
|
0-0: Ground out 5-3 (Groundball, 56)
|
Batting: SHB Juan Gonzáles
|
0-0: Called Strike 0-1: Ball 1-1: Called Strike 1-2: Ball 2-2: Strikes out looking
|
Batting: RHB Ronald Smith
|
0-0: Called Strike 0-1: Fly out, F9 (Flyball, 9LMF)
|
Bottom of the 2nd over - 0 run(s), 0 hit(s), 0 error(s), 0 left on base; El Paso 1 - Scottsdale 0 |
TOP OF THE 3RD |
El Paso Texans batting - Pitching for Scottsdale Scorpions : RHP Gilberto Delgado
|
Batting: LHB Bernardo Morales
|
0-0: Ball 1-0: Ball 2-0: Called Strike 2-1: Foul Ball, location: 2F 2-2: Fly out, F4 (Flyball, 4D)
|
Batting: RHB António Aguilar
|
0-0: Ball 1-0: Ball 2-0: Swinging Strike 2-1: Foul Ball, location: 2F 2-2: Ball 3-2: Base on Balls
|
Batting: LHB Enrique Cruz
|
0-0: Called Strike 0-1: Ball 1-1: Ball 2-1: Called Strike 2-2: Strikes out swinging
|
Batting: RHB Marvin Johnson
|
0-0: Ball 1-0: Swinging Strike 1-1: Swinging Strike 1-2: Strikes out swinging
|
Top of the 3rd over - 0 run(s), 0 hit(s), 0 error(s), 1 left on base; El Paso 1 - Scottsdale 0 |
BOTTOM OF THE 3RD |
Scottsdale Scorpions batting - Pitching for El Paso Texans : RHP John Harvey
|
Batting: RHB Jaime Delgado
|
0-0: Ball 1-0: SINGLE (Line Drive, 8RS)
|
Batting: RHB Robinson Fernández
|
0-0: Ball 1-0: Called Strike Jaime Delgado is caught stealing 2nd base 1-1: Ball 2-1: Called Strike 2-2: Ball 3-2: Foul Ball, location: 2F 3-2: Foul Ball, location: 2F 3-2: Foul Ball, location: 2F 3-2: Strikes out looking
|
Batting: LHB Ernesto Hernández
|
0-0: Called Strike 0-1: Foul Ball, location: 2F 0-2: Foul Ball, location: 2F 0-2: Foul Ball, location: 2F 0-2: Strikes out swinging
|
Bottom of the 3rd over - 0 run(s), 1 hit(s), 0 error(s), 0 left on base; El Paso 1 - Scottsdale 0 |
TOP OF THE 4TH |
El Paso Texans batting - Pitching for Scottsdale Scorpions : RHP Gilberto Delgado
|
Batting: LHB Michael Melton
|
0-0: Ground out 4-3 (Groundball, 34D)
|
Batting: RHB Wayne Carter
|
0-0: Called Strike 0-1: Foul Ball, location: 2F 0-2: Foul Ball, location: 2F 0-2: Foul Ball, location: 2F 0-2: Ball 1-2: Ball 2-2: Foul Ball, location: 2F 2-2: Strikes out swinging, 2-3 out at first.
|
Batting: RHB John James
|
0-0: Ball 1-0: Called Strike 1-1: Ground out 5-3 (Groundball, 56)
|
Top of the 4th over - 0 run(s), 0 hit(s), 0 error(s), 0 left on base; El Paso 1 - Scottsdale 0 |
BOTTOM OF THE 4TH |
Scottsdale Scorpions batting - Pitching for El Paso Texans : RHP John Harvey
|
Batting: LHB Alberto Roberts
|
0-0: Called Strike 0-1: Foul Ball, location: 2F 0-2: Fly out, F7 (Flyball, 78S)
|
Batting: LHB Sergio Fernández
|
0-0: Fly out, F7 (Flyball, 7)
|
Batting: SHB Arnold Moore
|
0-0: Ball 1-0: Fly out, F5 (Popup, 56)
|
Bottom of the 4th over - 0 run(s), 0 hit(s), 0 error(s), 0 left on base; El Paso 1 - Scottsdale 0 |
TOP OF THE 5TH |
El Paso Texans batting - Pitching for Scottsdale Scorpions : RHP Gilberto Delgado
|
Batting: RHB Domingo Morales
|
0-0: Called Strike 0-1: Ball 1-1: Ball 2-1: Ground out 6-3 (Groundball, 6)
|
Batting: RHB Cole Boehmer
|
0-0: Swinging Strike 0-1: Ball 1-1: Ball 2-1: SINGLE (Groundball, 56D)
|
Batting: LHB Bernardo Morales
|
0-0: Ball 1-0: Called Strike 1-1: SINGLE (Groundball, 34D) Cole Boehmer to second Runner from 2nd tries for 3rd, SAFE, throw made to third
|
Pitching: RHP Julián García
|
|
Batting: RHB António Aguilar
|
0-0: Ball 1-0: Swinging Strike 1-1: Ball 2-1: Ball 3-1: Foul Ball, location: 2F 3-2: Base on Balls Bernardo Morales to second
|
Batting: LHB Enrique Cruz
|
0-0: Ball 1-0: Ball 2-0: Foul Ball, location: 2F 2-1: Swinging Strike 2-2: Ball 3-2: DOUBLE (Flyball, 78M) Cole Boehmer scores Bernardo Morales scores António Aguilar to third
|
Batting: RHB Marvin Johnson
|
0-0: Ball 1-0: Called Strike 1-1: Ball 2-1: DOUBLE (Line Drive, 8LD) António Aguilar scores Enrique Cruz scores
|
Batting: LHB Michael Melton
|
0-0: Called Strike 0-1: Foul Ball, location: 2F 0-2: SINGLE (Groundball, 56D) Marvin Johnson to third Runner from 3rd tries for Home, SAFE, throw made home
|
Batting: RHB Wayne Carter
|
0-0: Called Strike 0-1: Foul Ball, location: 2F 0-2: SINGLE (Groundball, 4D) Michael Melton to second Runner from 2nd tries for 3rd, SAFE, throw made to third
|
Batting: RHB John James
|
0-0: Ball Wayne Carter is caught stealing 2nd base 1-0: Ball 2-0: Foul Ball, location: 2F 2-1: Foul Ball, location: 2F 2-2: Ball 3-2: Fly out, F5 (Popup, 5S)
|
Top of the 5th over - 5 run(s), 6 hit(s), 0 error(s), 1 left on base; El Paso 6 - Scottsdale 0 |
BOTTOM OF THE 5TH |
Scottsdale Scorpions batting - Pitching for El Paso Texans : RHP John Harvey
|
Batting: RHB Sergio Domínguez
|
0-0: Called Strike 0-1: SINGLE (Line Drive, 8LS)
|
Batting: SHB Juan Gonzáles
|
0-0: Called Strike 0-1: Fielders Choice at 2nd, 6-4 (Groundball, 6M)
|
Batting: RHB Ronald Smith
|
0-0: Ball 1-0: Ball Juan Gonzáles is caught stealing 2nd base 2-0: DOUBLE (Line Drive, 7LS)
|
Batting: RHB Jaime Delgado
|
0-0: Ball 1-0: Foul Ball, location: 2F 1-1: Ball 2-1: Foul Ball, location: 2F 2-2: Ground out 5-3 (Groundball, 56S)
|
Bottom of the 5th over - 0 run(s), 2 hit(s), 0 error(s), 1 left on base; El Paso 6 - Scottsdale 0 |
TOP OF THE 6TH |
El Paso Texans batting - Pitching for Scottsdale Scorpions : RHP Julián García
|
Batting: RHB Domingo Morales
|
0-0: Swinging Strike 0-1: Foul Ball, location: 2F 0-2: Ball 1-2: Ball 2-2: Foul Ball, location: 2F 2-2: Strikes out swinging
|
Batting: RHB Cole Boehmer
|
0-0: Ground out 4-3 (Groundball, 4)
|
Batting: LHB Bernardo Morales
|
0-0: Called Strike 0-1: Foul Ball, location: 2F 0-2: Foul Ball, location: 2F 0-2: Ball 1-2: Ball 2-2: Ball 3-2: Fly out, F9 (Flyball, 89M)
|
Top of the 6th over - 0 run(s), 0 hit(s), 0 error(s), 0 left on base; El Paso 6 - Scottsdale 0 |
BOTTOM OF THE 6TH |
Scottsdale Scorpions batting - Pitching for El Paso Texans : RHP John Harvey
|
Batting: RHB Robinson Fernández
|
0-0: Ball 1-0: Reached on error, E5 (Groundball, 56S)
|
Batting: LHB Ernesto Hernández
|
0-0: Ball 1-0: Ball 2-0: Fly out, F7 (Flyball, 7S)
|
Batting: LHB Alberto Roberts
|
0-0: Called Strike 0-1: Ball 1-1: Called Strike 1-2: Fly out, F9 (Flyball, 9S)
|
Batting: LHB Sergio Fernández
|
0-0: Ball Throwing error on steal attempt, E2 Robinson Fernández to third 1-0: Ball 2-0: Ball 3-0: Base on Balls
|
Batting: SHB Arnold Moore
|
0-0: Foul Ball, location: 2F 0-1: Ball 1-1: Called Strike 1-2: Ball 2-2: Foul Ball, location: 2F 2-2: Fly out, F9 (Line Drive, 9)
|
Bottom of the 6th over - 0 run(s), 0 hit(s), 2 error(s), 2 left on base; El Paso 6 - Scottsdale 0 |
TOP OF THE 7TH |
El Paso Texans batting - Pitching for Scottsdale Scorpions : RHP Julián García
|
Batting: RHB António Aguilar
|
0-0: Called Strike 0-1: Swinging Strike 0-2: Foul Ball, location: 2F 0-2: Foul Ball, location: 2F 0-2: Ball 1-2: SINGLE (Groundball, 56D)
|
Batting: LHB Enrique Cruz
|
0-0: Swinging Strike 0-1: Swinging Strike 0-2: Strikes out swinging
|
Batting: RHB Marvin Johnson
|
0-0: Ball 1-0: SINGLE (Line Drive, 89S) António Aguilar to second Runner from 2nd tries for 3rd, SAFE, no throw
|
Batting: LHB Michael Melton
|
0-0: Ball 1-0: Ground out U3 (Groundball, 34S) António Aguilar scores Marvin Johnson to second
|
Pitching: RHP Sterling Caldwell
|
|
Batting: RHB Wayne Carter
|
0-0: Foul Ball, location: 2F 0-1: Ball 1-1: Ball 2-1: Foul Ball, location: 2F 2-2: Strikes out swinging
|
Top of the 7th over - 1 run(s), 2 hit(s), 0 error(s), 1 left on base; El Paso 7 - Scottsdale 0 |
BOTTOM OF THE 7TH |
Scottsdale Scorpions batting - Pitching for El Paso Texans : RHP John Harvey
|
Batting: RHB Sergio Domínguez
|
0-0: Called Strike 0-1: Foul Ball, location: 2F 0-2: Ground out 1-3 (Groundball, 15S)
|
Batting: SHB Juan Gonzáles
|
0-0: Ball 1-0: Called Strike 1-1: Called Strike 1-2: Strikes out looking
|
Batting: RHB Ronald Smith
|
0-0: Fly out, F9 (Flyball, 9LS)
|
Bottom of the 7th over - 0 run(s), 0 hit(s), 0 error(s), 0 left on base; El Paso 7 - Scottsdale 0 |
TOP OF THE 8TH |
El Paso Texans batting - Pitching for Scottsdale Scorpions : RHP Sterling Caldwell
|
Batting: RHB John James
|
0-0: Ball 1-0: Foul Ball, location: 2F 1-1: Called Strike 1-2: Foul Ball, location: 2F 1-2: Fly out, F8 (Line Drive, 8LM)
|
Batting: RHB Domingo Morales
|
0-0: Ball 1-0: Called Strike 1-1: Foul Ball, location: 2F 1-2: Foul Ball, location: 2F 1-2: Foul Ball, location: 2F 1-2: Strikes out swinging
|
Batting: RHB Cole Boehmer
|
0-0: Called Strike 0-1: Ball 1-1: Fly out, F5 (Popup, 5D)
|
Top of the 8th over - 0 run(s), 0 hit(s), 0 error(s), 0 left on base; El Paso 7 - Scottsdale 0 |
BOTTOM OF THE 8TH |
Scottsdale Scorpions batting - Pitching for El Paso Texans : RHP John Harvey
|
Pitching: RHP Bill Hines
|
|
Now in LF: Roberto Félix
|
|
Batting: RHB Jaime Delgado
|
0-0: Swinging Strike 0-1: Foul Ball, location: 2F 0-2: Foul Ball, location: 2F 0-2: Ball 1-2: Ball 2-2: Foul Ball, location: 2F 2-2: Ball 3-2: Strikes out swinging
|
Batting: RHB Robinson Fernández
|
0-0: Ball 1-0: Foul Ball, location: 2F 1-1: SINGLE (Line Drive, 89S)
|
Batting: LHB Ernesto Hernández
|
0-0: Swinging Strike 0-1: Fly out, F4 (Popup, 4D)
|
Batting: LHB Alberto Roberts
|
0-0: Ground out 3-1 (Groundball, 34)
|
Bottom of the 8th over - 0 run(s), 1 hit(s), 0 error(s), 1 left on base; El Paso 7 - Scottsdale 0 |
TOP OF THE 9TH |
El Paso Texans batting - Pitching for Scottsdale Scorpions : RHP Sterling Caldwell
|
Batting: LHB Bernardo Morales
|
0-0: Ball 1-0: Foul Ball, location: 2F 1-1: Foul Ball, location: 2F 1-2: SINGLE (Line Drive, 34)
|
Batting: RHB António Aguilar
|
0-0: Ball 1-0: Ball 2-0: Foul Ball, location: 2F 2-1: Foul Ball, location: 2F 2-2: Fielders Choice at 2nd, 1-6 (Groundball, 13S)
|
Batting: LHB Enrique Cruz
|
0-0: Called Strike 0-1: 2-RUN HOME RUN (Flyball, 9D), Distance : 354 ft
|
Batting: RHB Marvin Johnson
|
0-0: Fly out, F7 (Flyball, 78S)
|
Batting: LHB Michael Melton
|
0-0: Ball 1-0: Swinging Strike 1-1: Foul Ball, location: 2F 1-2: Ball 2-2: Ball 3-2: Foul Ball, location: 2F 3-2: Fly out, F7 (Flyball, 78S)
|
Top of the 9th over - 2 run(s), 2 hit(s), 0 error(s), 0 left on base; El Paso 9 - Scottsdale 0 |
BOTTOM OF THE 9TH |
Scottsdale Scorpions batting - Pitching for El Paso Texans : RHP Bill Hines
|
Now in RF: José Murillo
|
|
Batting: LHB Sergio Fernández
|
0-0: Called Strike 0-1: Called Strike 0-2: Foul Ball, location: 2F 0-2: Foul Ball, location: 2F 0-2: Ball 1-2: Ball 2-2: Ball 3-2: SINGLE (Groundball, 34D)
|
Batting: SHB Arnold Moore
|
0-0: Fly out, F4 (Popup, 3D)
|
Batting: RHB Sergio Domínguez
|
0-0: Called Strike 0-1: Called Strike 0-2: Ball 1-2: Strikes out swinging
|
Batting: SHB Juan Gonzáles
|
0-0: Ball 1-0: Called Strike 1-1: Fly out, F7 (Flyball, 7LMF)
|
Bottom of the 9th over - 0 run(s), 1 hit(s), 0 error(s), 1 left on base; El Paso 9 - Scottsdale 0 |
|